Unix NetHack Version 5.0.0-0 post-release - last build May 17 2026 04:57:42 (dc50c8380fa5e20985bfe3072449f57b8d9895ef,branch:main).

Game began 2026-05-17 12:29:45, ended 2026-05-17 13:03:41.

Fletchius, chaotic male elven Wizard

                                                               ---------
                            -----------                        |.......|
                            |...(.....|        ------          |.......|
                            |...<......#       .>...|          |.(.....|
                           #-.........|#       |.....##########........|
                           #-----------#       |.{..|          ----|----
                           ##          #       ----.-              #
                            ##         #                          ##
                             #       ###                         ##
                             #       #--------                  ##
                             #       #|..{...|#         ##      #
                             #d      #|......-#######)###[#######
                              @      #|...>..|           ##   --|--    -------
                              o      #|......|            ####|...|####-.....|
                            ..#      #.!.....|               #.....####|.....|
                          ...         --------                |...|#  #......|
                         ----                                 |...|    |.....|
                                                              -----    -------

Fletchius the Conjurer    St:8 Dx:12 Co:14 In:20 Wi:11 Ch:11  Chaotic
Dlvl:3  $:40 HP:0(24) Pw:29(29) AC:8  Xp:3 T:864  Burdened

Latest messages:
 That door is closed.
 This door is locked.
 Unlock it with your lock pick? [ynq] (q) y
 You succeed in picking the lock.
 The door opens.
 The little dog bites!
 The little dog bites!
 The little dog bites!
 What do you want to throw? [$ or ?*] *
 In what direction? b
 The little dog seems more amiable.
 Your little dog devours a tripe ration.
 You swap places with your little dog.
 You see here an egg.
 Your little dog eats an egg.
 You swap places with your little dog.
 The little dog bites the hobgoblin.
 The little dog misses the hobgoblin.
 You miss the hobgoblin.
 The little dog bites the hobgoblin.
 The hobgoblin is killed!
 Your little dog eats a hobgoblin corpse.
 You stop.  Your little dog is in the way!
 You swap places with your little dog.
 You see here a chest.
 Hmmm, the chest turns out to be locked.
 Unlock it with your lock pick? [ynq] (q) y
 You succeed in picking the lock.
 You have a little trouble removing H - a scroll labeled KO BATE.
 I - a plain spellbook.
 J - a magenta potion.
 The door opens.
 You swap places with your little dog.
 You find a hidden passage.
 The little dog misses the jackal.
 The little dog misses the jackal.
 The little dog misses the jackal.
 The hobgoblin wields a crude dagger!
 The hobgoblin thrusts her crude dagger.
 The hobgoblin hits!
 You miss the hobgoblin.
 The hobgoblin thrusts her crude dagger.
 The hobgoblin hits!
 You hit the hobgoblin.
 The hobgoblin thrusts her crude dagger.
 The hobgoblin hits!
 The hobgoblin thrusts her crude dagger.
 The hobgoblin hits!
 You die...
 Do you want your possessions identified? [ynq] (y) q

Inventory:
 Coins    ('$')
  $ - 40 gold pieces
 Weapons  (')')
  a - a blessed +1 quarterstaff (weapon in hands)
 Armor    ('[')
  t - a blessed +0 orcish helm (being worn)
  b - an uncursed +0 cloak of magic resistance (being worn)
 Comestibles  ('%')
  y - an uncursed banana
  F - an uncursed cram ration
  A - an uncursed tripe ration
 Scrolls  ('?')
  H - a blessed scroll of confuse monster
  v - a blessed scroll of destroy armor
  i - an uncursed scroll of destroy armor
  B - an uncursed scroll of genocide
  j - 2 uncursed scrolls of identify
 Spellbooks  ('+')
  I - an uncursed spellbook of blank paper
  p - an uncursed spellbook of detect treasure
  k - a blessed spellbook of force bolt
  E - an uncursed spellbook of force bolt
  C - an uncursed spellbook of levitation
  l - an uncursed spellbook of magic missile
  D - an uncursed spellbook of turn undead
 Potions  ('!')
  J - an uncursed potion of extra healing
  w - a cursed potion of healing
  x - an uncursed potion of monster detection
  h - an uncursed potion of object detection
  s - a blessed potion of oil
  g - an uncursed potion of water
 Rings    ('=')
  u - an uncursed ring of protection from shape changers
  d - an uncursed ring of searching
  e - an uncursed ring of shock resistance
 Wands    ('/')
  c - a blessed wand of light (0:14)
  q - a wand of stasis (0:1)
 Tools    ('(')
  n - an uncursed bell
  r - an uncursed lock pick
  m - a magic marker (0:21)
  G - a +0 pick-axe

Fletchius the Wizard's attributes:

Background:
 You were a Conjurer, a level 3 male elven Wizard.
 You were chaotic, on a mission for Anhur
 who was opposed by Ptah (lawful) and Thoth (neutral).
 You were right-handed.
 You were in the Dungeons of Doom, on level 3.
 You entered the dungeon 864 turns ago.
 There was a new moon in effect when your adventure ended.
 You had 47 experience points, 33 more were needed to attain level 4.

Basics:
 You had 0 out of 24 hit points.
 You had all 29 energy points (spell power).
 Your armor class was 8.
 Your wallet contained 40 zorkmids.
 Autopickup was off.

Final Characteristics:
 Your strength was 8 (limit:18).
 Your dexterity was 12 (limit:18).
 Your constitution was 14 (limit:16).
 Your intelligence was 20 (limit:20).
 Your wisdom was 11 (limit:20).
 Your charisma was 11 (limit:18).

Final Status:
 You weren't hungry.
 You were burdened; movement was slightly slowed.
 You were wielding a quarterstaff.
 You had basic skill with quarterstaff.

Final Attributes:
 You were fervently aligned.
 You were magic-protected.
 You had infravision.
 You were warded.
 You are dead.

Miscellaneous:
 You didn't encounter any bones levels.
 Total elapsed playing time was 33 minutes and 56 seconds.

Major events:
 Turn
    1: Fletchius the chaotic male elven Wizard entered the dungeon
  522: attained the rank of Conjurer (level 3)
  864: killed by a hobgoblin

Spells:
 Name                 Level Category     Fail Retention
 force bolt             1   attack         0%  91%-100%
 magic missile          2   attack         0%  91%-100%
 levitation             4   escape        95%  76%-100%
 turn undead            6   clerical     100%  76%-100%
 detect treasure        4   divination    95%  76%-100%

Skills:
 Fighting Skills
   bare handed combat [Unskilled]
   riding             [Unskilled]
 Weapon Skills
   dagger             [Unskilled]
   knife              [Unskilled]
   axe                [Unskilled]
   short sword        [Unskilled]
   club               [Unskilled]
   mace               [Unskilled]
   quarterstaff       [Basic]
   polearms           [Unskilled]
   spear              [Unskilled]
   trident            [Unskilled]
   sling              [Unskilled]
   dart               [Unskilled]
   shuriken           [Unskilled]
 Spellcasting Skills
   attack spells      [Basic]
   healing spells     [Unskilled]
   divination spells  [Unskilled]
   enchantment spells [Basic]
   clerical spells    [Unskilled]
   escape spells      [Unskilled]
   matter spells      [Unskilled]

Voluntary challenges:
 Character rerolling was not enabled.
 You never genocided any monsters.
 You never polymorphed an object.
 You never changed form.
 You used no wishes.
Achievement:
 You attained the rank of Conjurer.

 The Dungeons of Doom: levels 1 to 4
    Level 1:
       A sink, a grave.
    Level 2:
    Level 3: <- You were here.
       Some fountains.
       Final resting place for
          you, killed by a hobgoblin.
    Level 4:


Vanquished creatures:
 an iguana
 an acid blob
  a hobgoblin
  a cave spider
  2 jackals
  a fox
  a kobold
  3 goblins
  3 sewer rats
  a lichen
15 creatures vanquished.

No species were genocided or became extinct.

Game over:
                       ----------
                      /          \
                     /    REST    \
                    /      IN      \
                   /     PEACE      \
                  /                  \
                  |    Fletchius     |
                  |      40 Au       |
                  |   killed by a    |
                  |    hobgoblin     |
                  |                  |
                  |                  |
                  |       2026       |
                 *|     *  *  *      | *
        _________)/\\_//(\/(/\)/\//\/|_)_______

Goodbye Fletchius the Wizard...

You died in The Dungeons of Doom on dungeon level 3 with 374 points,
and 40 pieces of gold, after 864 moves.
You were level 3 with a maximum of 24 hit points when you died.

